 Dungeon Crawl Stone Soup version 0.28-a0-779-g3d1f99b579 (webtiles) character file.

Game seed: 17105496562388698149

71 siradein the Skirmisher (level 4, 0/36 HPs)
             Began as a Human Berserker on Nov 3, 2021.
             Was a Follower of Trog.
             Slain by Grinder (6 damage)
             ... on level 3 of the Dungeon.
             The game lasted 00:03:36 (2587 turns).

siradein the Skirmisher (Human Berserker)           Turns: 2587, Time: 00:03:37

Health: 0/36       AC:  5    Str: 17    XL:     4   Next: 47%
Magic:  4/4        EV: 11    Int:  8    God:    Trog [*.....]
Gold:   93         SH:  0    Dex: 13    Spells: 3/3 levels left

rFire   . . .      SeeInvis .   a - +0 hand axe
rCold   . . .      Faith    .   (no shield)
rNeg    . . .      Spirit   .   f - +0 ring mail
rPois   .          Reflect  .   (no helmet)
rElec   .          Harm     .   (no cloak)
rCorr   .          Rampage  .   (no gloves)
Will    .....                   (no boots)
Stlth   +.........              (no amulet)
HPRegen 0.12/turn               (no ring)
MPRegen 0.09/turn               (no ring)

@: on berserk cooldown, slowed, very slow
A: no striking features
a: Renounce Religion, Berserk


You were on level 3 of the Dungeon.
You worshipped Trog.
Trog was aware of your devotion.
You visited 1 branch of the dungeon, and saw 3 of its levels.

You collected 93 gold pieces.

Inventory:

Hand Weapons
 a - a +0 hand axe (weapon)
Missiles
 d - 77 sling bullets
 e - 47 stones (quivered)
Armour
 f - a +0 ring mail (worn)
Scrolls
 g - 3 scrolls of teleportation {unknown}
 i - a scroll of vulnerability {unknown}
Potions
 b - a potion of might {unknown}
 c - 2 potions of attraction {unknown}
 h - a potion of curing {unknown}


   Skills:
 + Level 3.6 Fighting
 + Level 3.5 Axes
 + Level 2.6 Armour
 + Level 2.7 Dodging


You had 3 spell levels left.
You didn't know any spells.
Your spell library was empty.

Dungeon Overview and Level Annotations

Branches:
Dungeon (3/15)

Altars:

Annotations:
D:3 Grinder


Message History

A red film seems to cover your vision as you go berserk!
You feel yourself moving faster!
You feel mighty!
You closely miss Grinder. You barely miss Grinder. Grinder closely misses you.
You barely miss Grinder.
Grinder blinks!
You feel a strong urge to attack something.
You slash Grinder!
Grinder is moderately wounded.
You are no longer berserk.
You are exhausted.
You feel yourself slow down. Grinder hits you.
You writhe in agony.
You hit Grinder but do no damage.
Grinder is moderately wounded.
Grinder closely misses you.
You barely miss Grinder.
Grinder is moderately wounded.
Grinder barely misses you. Grinder gestures at you.
You barely resist. You hit Grinder.
Grinder is moderately wounded.
Grinder hits you.
You writhe in agony.
Grinder gestures at you.
You suddenly lose the ability to move!
Grinder hits you.
You writhe in agony.
You can move again.
You're still recovering from your berserk rage.
You hit Grinder.
Grinder is moderately wounded.
Grinder closely misses you.
You hit Grinder but do no damage.
Grinder is moderately wounded.
Grinder hits you!
* * * LOW HITPOINT WARNING * * *
Grinder hits you but does no damage.
You barely miss Grinder.
Grinder is moderately wounded.
Grinder barely misses you.
Grinder blinks!
Grinder misses you. Grinder hits you.
You die...

.. #. ..# ##.## ... ..
#.# #...# #.##.####.#
#...# #......##.#
#...#####
##...#.##.#####........
..#......##.#...........#
.........................
#.......###...........#
##...#@.# #####...#####
##.##5.# #........ #.
#..# #...##### #######
#...# ##8_8## ####.####
#.....# #.......#
##.....## #.##.##.###
#.......####.##......#
#..8.8..#.....##.....#


You could see Grinder.

Vanquished Creatures
  An iguana (D:2)
  2 adders (D:2)
  A dart slug (D:2)
  An endoplasm (D:3)
  A giant cockroach (D:1)
  5 goblins
  2 quokkas
  A ball python (D:1)
  6 bats
  4 frilled lizards
  A kobold (D:1)
  A rat (D:2)
26 creatures vanquished.

Notes
Turn   | Place    | Note
-------+----------+-------------------------------------------
     0 | D:1      | siradein the Human Berserker began the quest for the Orb.
     0 | D:1      | Reached XP level 1. HP: 18/18 MP: 1/1
   466 | D:1      | Reached XP level 2. HP: 20/24 MP: 2/2
   992 | D:2      | Reached XP level 3. HP: 19/29 MP: 3/3
  1764 | D:2      | Reached XP level 4. HP: 25/35 MP: 4/4
  2498 | D:3      | Found a faded altar of an unknown god.
  2570 | D:3      | Noticed Grinder
  2581 | D:3      | Paralysed by Grinder for 2 turns
  2587 | D:3      | Slain by Grinder

Illustrated notes

Levels and vault maps discovered:
D:1:      minmay_arrival_pointy, layout_basic
D:2:      layout_loops_corners, grunt_decor_mini_mirrors
D:3:      layout_loops_cross, mainiacjoe_overflow_divided_tiny,
          hellmonk_ecumenical_altar_prayer_group, uniq_grinder

Action                   |  1- 3 |  4- 6 || total
-------------------------+-------+-------++-------
Melee: Hand axe          |    51 |    48 ||    99
Invok: Berserk           |     2 |     1 ||     3
Armor: Ring mail         |    18 |    13 ||    31
Dodge: Dodged            |    25 |    57 ||    82

Table legend: (Time is in decaauts)
 A = Elapsed time spent in this place.
 B = Non-inter-level travel time spent in this place.
 C = Inter-level travel time spent in this place.
 D = Time resting spent in this place.
 E = Time spent auto-exploring this place.
 F = Levels seen in this place.
 G = Mean time per level.
                   A        B        C        D        E       F      G
               +--------+--------+--------+--------+--------+-----+--------+
         Total |   2616 |   2550 |     66 |     65 |   2220 |   3 |  872.0 |
       Dungeon |   2616 |   2550 |     66 |     65 |   2220 |   3 |  872.0 |
               +--------+--------+--------+--------+--------+-----+--------+

Top non-repeatable levels by time:
     D:2: 1385 daAuts
     D:1: 873 daAuts
     D:3: 357 daAuts
